 Dungeon Crawl Stone Soup version 0.30-a0-719-gcc4359ea44 (webtiles) character file.

Game seed: 407266479581971038

13678 Arximoufas the Slicer (level 11, -8/87 HPs)
             Began as a Demonspawn Warper on Jan 26, 2023.
             Was a Priest of Dithmenos.
             Mangled by a boulder beetle (44 damage)
             ... on level 10 of the Dungeon.
             The game lasted 01:07:04 (11478 turns).

Arximoufas the Slicer (Demonspawn Warper)          Turns: 11478, Time: 01:07:05

Health: -8/87      AC:  8    Str: 16    XL:     11   Next: 78%
Magic:  14/14      EV: 12    Int: 15    God:    Dithmenos [***...]
Gold:   753        SH:  0    Dex: 12    Spells: 10/14 levels left

rFire   + . .      SeeInvis .    a - +5 dagger (spect)
rCold   . . .      Faith    .    (no shield)
rNeg    . . .      Spirit   .    L - +1 robe {Will+}
rPois   .          Reflect  .    B - +0 helmet
rElec   .          Harm     .    (no cloak)
rCorr   .          Rampage  .    b - +2 pair of gloves
Will    +....                    I - +0 pair of boots
Stlth   ++++++                   z - amulet of regeneration
HPRegen 1.14/turn                u - +4 ring of slaying
MPRegen 0.14/turn                R - ring "Atusm" {rF+ Slay+2}

@: wreathed by umbra
A: powered by death 2, spiny 3, sturdy frame 1, demonic touch 1
a: Renounce Religion, Shadow Step


You were on level 10 of the Dungeon.
You worshipped Dithmenos.
Dithmenos was most pleased with you.
You visited 3 branches of the dungeon, and saw 15 of its levels.
You also visited: Ossuary.

You collected 753 gold pieces.

Inventory:

Hand Weapons
 a - a +5 spectral dagger (weapon)
 k - a +0 vampiric dagger
 H - a +1 rapier of freezing
Missiles
 d - 6 boomerangs of dispersal (quivered)
 p - 3 boomerangs
Armour
 b - a +2 pair of gloves (worn)
 c - a +3 ring mail of willpower
 e - a +0 troll leather armour
 B - a +0 helmet (worn)
 I - a +0 pair of boots (worn)
 L - a +1 robe of willpower (worn)
Jewellery
 q - a +6 ring of intelligence
 u - a +4 ring of slaying (left hand)
 x - a ring of flight
 z - an amulet of regeneration (around neck)
 N - a +6 ring of strength
 Q - the ring "Ofaefug" {rC+ rN+ Str+2 Int+2}
   (You found it on level 11 of the Dungeon)

   [ring of positive energy]

   Str:       It affects your strength (+2).
   Int:       It affects your intelligence (+2).
   rC:        It protects you from cold.
   rN:        It protects you from negative energy.
 R - the ring "Atusm" (right hand) {rF+ Slay+2}
   (You found it on level 12 of the Dungeon)

   [ring of protection from fire]

   Slay:      It affects your accuracy & damage with ranged weapons and melee
   (+2).
   rF:        It protects you from fire.
Wands
 C - a wand of light (10)
 K - a wand of polymorph (2)
 O - a wand of mindburst (4)
Scrolls
 f - 2 scrolls of identify
 i - 2 scrolls of brand weapon
 j - 4 scrolls of magic mapping
 m - 4 scrolls of teleportation
 s - a scroll of immolation
 v - 5 scrolls of amnesia
 w - 5 scrolls of vulnerability
 y - 4 scrolls of poison {unknown}
 G - 3 scrolls of fear {unknown}
 M - 2 scrolls of fog {unknown}
Potions
 g - 10 potions of curing
 h - 6 potions of heal wounds
 l - 2 potions of degeneration {unknown}
 n - 2 potions of brilliance
 o - 3 potions of might {unknown}
 r - 2 potions of magic {unknown}
 t - a potion of flight {unknown}
 A - 2 potions of resistance {unknown}
 D - a potion of lignification {unknown}
 E - 3 potions of attraction {unknown}
 F - 3 potions of ambrosia {unknown}
 J - a potion of haste
 P - 2 potions of mutation {unknown}


   Skills:
 + Level 8.7 Fighting
 - Level 10.0 Short Blades
 - Level 0.8 Throwing
 - Level 0.8 Armour
 - Level 1.7 Dodging
 - Level 10.0 Stealth
 - Level 2.0 Spellcasting
 - Level 2.6 Translocations
 + Level 5.1 Transmutations
 + Level 5.0 Earth Magic
 + Level 2.3 Invocations
 - Level 4.1 Evocations


You had 10 spell levels left.
You knew the following spells:

 Your Spells              Type           Power      Damage    Failure   Level
a - Blink                 Tloc           18%        N/A       11%         2
b - Passwall              Tmut/Erth      13%        N/A       4%          2

Your spell library contained the following spells:

 Spells                   Type           Power      Damage    Failure   Level
 Sandblast                Erth           32%        2d9       2%          1
 Lesser Beckoning         Tloc           18%        N/A       11%         2
 Momentum Strike          Conj/Tloc      10%        3d8       19%         2
 Magic Dart               Conj           4%         1d3       22%         1
 Teleport Other           Tloc           9%         N/A       22%         3
 Stone Arrow              Conj/Erth      18%        3d8       24%         3
 Call Imp                 Summ           1%         N/A       32%         2
 Searing Ray              Conj           2%         2d4       32%         2
 Vhi's Electric Charge    Tloc/Air       10%        N/A       36%         3
 Mephitic Cloud           Conj/Pois/Air  1%         N/A       54%         3
 Manifold Assault         Tloc           9%         N/A       58%         4
 Lee's Rapid Deconstruct  Erth           8%         3d7*      58%         5
 Leda's Liquefaction      Hex/Erth       4%         N/A       61%         4
 Fulminant Prism          Conj/Hex       0%         3d5       91%         4
 Summon Ice Beast         Ice/Summ       1%         N/A       91%         4
 Yara's Violent Unravell  Hex/Tmut       4%         3d4       91%         5
 Summon Mana Viper        Hex/Summ       1%         N/A       99%         5
 Statue Form              Tmut/Erth      10%        N/A       99%         6
 Enfeeble                 Hex            0%         N/A       100%        7
 Monstrous Menagerie      Summ           0%         N/A       100%        7


Dungeon Overview and Level Annotations

Branches:
Dungeon (13/15)            Temple (1/1) D:6             Orc (1/2) D:10
Ossuary (visited)
   Lair: D:8-11      Vaults: D:13-14

Altars:
Ashenzari
Cheibriados
Dithmenos
Fedhas
Gozag
Hepliaklqana
Kikubaaqudgha
Makhleb
Nemelex Xobeh
Okawaru
Qazlal
Ru
Sif Muna
Trog
Uskayaw
Vehumet
Wu Jian
Xom
Yredelemnul

Shops:
D:8 =

Portals:
Abyss: D:8

Annotations:
D:8 2 transporters, Vildbasse's ghost, novice MiFi
D:11 exclusion: 2 oklob plants


Innate Abilities, Weirdness & Mutations

You regenerate health from kills.
You are completely covered in sharp spines.
Your movements are slightly less encumbered by armour. (ER -2)
Your touch may inflict minor irresistible damage on your foes.


Message History

You hit the boulder beetle but do no damage.
The boulder beetle is moderately wounded.
Your +5 spectral dagger hits the boulder beetle but does no damage.
You hit the boulder beetle.
The boulder beetle is heavily wounded.
Your +5 spectral dagger barely misses the boulder beetle.
The boulder beetle bites you!!
You hit the boulder beetle but do no damage.
The boulder beetle is heavily wounded.
Your +5 spectral dagger hits the boulder beetle but does no damage.
You hit the boulder beetle but do no damage.
The boulder beetle is heavily wounded.
Your +5 spectral dagger hits the boulder beetle but does no damage.
The boulder beetle bites you!
You hit the boulder beetle but do no damage.
You touch the boulder beetle!
The boulder beetle is heavily wounded.
Your +5 spectral dagger hits the boulder beetle but does no damage.
You completely miss the boulder beetle.
The boulder beetle is heavily wounded.
Your +5 spectral dagger hits the boulder beetle but does no damage.
The boulder beetle leaps!
You start resting.
A boulder beetle is nearby!
The boulder beetle curls into a ball and begins rolling!
A boulder beetle is nearby!
You hit the boulder beetle but do no damage.
The boulder beetle is moderately wounded.
Your +5 spectral dagger hits the boulder beetle.
The boulder beetle hits you!!!
The boulder beetle stops rolling and uncurls.
You hit the boulder beetle.
You punch the boulder beetle, but do no damage.
The boulder beetle is heavily wounded.
Your +5 spectral dagger hits the boulder beetle but does no damage.
The boulder beetle curls into a ball and begins rolling!
The boulder beetle attacks as you move away!
The boulder beetle hits you!!!
Ouch! That really hurt!
You die...

.....## ##...##...##...........##
......## ###..<.#.##.......#...##
.......###......#.##.............
.............#.##.#.......#..#..#
........#.#..................#...
.......#................°°......#
......^###.........§.#####°°.....
......## ##........°.# #>.#○...#
......## ##.....@B°..# ####.B..#
.......###.####################..
.......##..#.)........[..........
.......##..#..#...#...#...#...#..
.......#...#_....................
...........#..#...#...#...#...#B.
...........#.....................
.....#..##.####################..
#######.##.# #.........


You could see a boulder beetle (rolling).

Vanquished Creatures
  Erolcha (D:10)
  Erica (D:10)
  An ogre mage (D:11)
  A two-headed ogre (D:9)
  A boulder beetle (D:12)
  Urug (D:10)
  Pikel (D:9)
  2 manticores (D:12)
  A gargoyle (D:11)
  An unseen horror (D:12)
  An unseen horror zombie (D:8)
  2 kobold demonologists (D:12)
  A komodo dragon (D:10)
  A troll (D:12)
  A centaur simulacrum (D:11)
  4 slime creatures
  A wraith (D:12)
  A wyvern (D:11)
  2 shadows
  2 vampires (D:12)
  9 yaks
  A steam dragon (D:8)
  2 water moccasins (D:7)
  Edmund (D:4)
  An ice beast (D:5)
  2 black bears
  An ogre (D:10)
  3 centaurs
  3 lemures (D:9)
  2 elf zombies (Ossuary)
  2 kobold brigands (D:12)
  7 bullfrogs
  A gnoll sergeant (D:11)
  2 scorpions
  8 wights
  21 killer bees
  3 centaur zombies
  A gnoll bouda (D:8)
  5 hounds
  A jelly (D:8)
  5 orc priests
  Jessica (D:2)
  An iguana (D:5)
  An orc wizard (D:7)
  Natasha (twice) (D:2)
  A killer bee zombie (D:8)
  2 mummies (Ossuary)
  A howler monkey zombie (D:8)
  11 gnolls
  8 adders
  A shadow imp (D:6)
  4 white imps
  An ufetubus (D:5)
  An adder zombie (Ossuary)
  3 worms
  4 dart slugs
  14 orcs
  10 ball pythons
  8 bats
  5 endoplasms
  2 giant cockroaches
  9 goblins
  A hobgoblin (D:1)
  2 quokkas (D:1)
  2 frilled lizards
  2 goblin zombies (Ossuary)
  12 hobgoblin zombies (Ossuary)
  2 jackal zombies (Ossuary)
  7 kobolds
  8 kobold zombies (Ossuary)
  6 orc zombies (Ossuary)
  6 rats
  3 rat zombies (Ossuary)
249 creatures vanquished.

Vanquished Creatures (others)
  A killer bee (D:10)
  A withered plant (D:8)
2 creatures vanquished.

Grand Total: 251 creatures vanquished

Notes
Turn   | Place    | Note
-------+----------+-------------------------------------------
     0 | D:1      | Arximoufas the Demonspawn Warper began the quest for the
                  | Orb.
     0 | D:1      | Reached XP level 1. HP: 16/16 MP: 3/3
   281 | D:1      | Gained mutation: You are partially covered in sharp spines.
                  | [demonic ancestry]
   281 | D:1      | Reached XP level 2. HP: 22/22 MP: 5/5
   350 | D:1      | Reached skill level 1 in Stealth
   802 | D:2      | Gained mutation: You are mostly covered in sharp spines.
                  | [demonic ancestry]
   802 | D:2      | Reached XP level 3. HP: 27/27 MP: 6/6
   892 | D:2      | Found an ancient bone altar of Kikubaaqudgha.
  1198 | D:2      | Noticed Natasha
  1266 | D:2      | Reached XP level 4. HP: 33/33 MP: 7/7
  1382 | D:2      | Noticed Jessica
  1417 | D:2      | Killed Jessica
  1641 | D:2      | Killed Natasha
  1680 | D:2      | Noticed Natasha
  1689 | D:2      | Killed Natasha
  1690 | D:2      | Gained mutation: Your movements are slightly less
                  | encumbered by armour. (ER -2) [demonic ancestry]
  1690 | D:2      | Reached XP level 5. HP: 29/38 MP: 8/8
  2852 | D:4      | Noticed Edmund
  2896 | D:4      | Gained mutation: You are completely covered in sharp
                  | spines. [demonic ancestry]
  2896 | D:4      | Reached XP level 6. HP: 39/44 MP: 9/9
  3024 | D:5      | Entered Level 5 of the Dungeon
  3123 | D:5      | Reached skill level 5 in Short Blades
  3355 | D:5      | Found a sand-covered staircase.
  3361 | Ossuary  | Entered an ossuary
  3570 | Ossuary  | Reached XP level 7. HP: 45/50 MP: 10/10
  4292 | D:6      | Noticed a shadow
  4414 | D:6      | Killed a shadow
  4415 | D:6      | Reached skill level 5 in Stealth
  4415 | D:6      | Reached XP level 8. HP: 38/56 MP: 11/11
  4748 | D:6      | Found a staircase to the Ecumenical Temple.
  4757 | Temple   | Entered the Ecumenical Temple
  4968 | Temple   | Became a worshipper of Dithmenos the Shadowed
  5169 | D:6      | You are sucked into a shaft and drop 1 floor!
  5405 | D:7      | Found a sacrificial altar of Ru.
  5906 | D:7      | Found an ancient bone altar of Kikubaaqudgha.
  6134 | D:7      | Noticed a gargoyle
  6338 | D:8      | Reached * piety under Dithmenos
  6339 | D:8      | Gained mutation: Your touch may inflict minor irresistible
                  | damage on your foes. [demonic ancestry]
  6339 | D:8      | Reached XP level 9. HP: 60/61 MP: 12/12
  6457 | D:8      | Noticed a cyan ugly thing
  6475 | D:8      | Found a transporter.
  6508 | D:8      | Noticed Vildbasse's ghost (novice MiFi)
  6789 | D:8      | Found Sogen's Jewellery Shop.
  6984 | D:8      | Reached skill level 10 in Short Blades
  7070 | D:8      | Found a one-way gate to the infinite horrors of the Abyss.
  7162 | D:8      | Found a transporter.
  7260 | D:8      | Found a stormy altar of Qazlal.
  7403 | D:9      | Noticed a two-headed ogre
  7504 | D:9      | Noticed a two-headed ogre
  7641 | D:9      | Gained mutation: You regenerate a little health from kills.
                  | [demonic ancestry]
  7641 | D:9      | Reached XP level 10. HP: 73/73 MP: 13/13
  7729 | D:9      | Reached ** piety under Dithmenos
  7792 | D:9      | Noticed Pikel
  7981 | D:9      | Killed Pikel
  7982 | D:9      | Reached skill level 5 in Fighting
  7982 | D:9      | Reached skill level 1 in Evocations
  8399 | D:10     | Entered Level 10 of the Dungeon
  8399 | D:10     | Noticed Erica
  8401 | D:10     | Killed Erica
  8468 | D:10     | Noticed Erolcha
  8489 | D:10     | Killed Erolcha
  8604 | D:10     | Found a staircase to the Orcish Mines.
  8938 | D:10     | Found a shimmering altar of Xom.
  8951 | D:10     | Reached skill level 10 in Stealth
  8956 | D:10     | Learned a level 2 spell: Blink
  8959 | D:10     | Learned a level 2 spell: Passwall
  9040 | D:11     | Noticed a gargoyle
  9054 | D:11     | Noticed an oklob plant
  9135 | D:11     | Reached skill level 1 in Transmutations
  9135 | D:11     | Reached skill level 1 in Earth Magic
  9197 | D:11     | Noticed an ogre mage
  9243 | D:11     | Killed an ogre mage
  9244 | D:11     | Gained mutation: You regenerate health from kills. [demonic
                  | ancestry]
  9244 | D:11     | Reached XP level 11. HP: 72/84 MP: 14/14
  9302 | D:11     | Identified the ring "Ofaefug" {rC+ rN+ Str+2 Int+2}
  9323 | D:11     | Noticed a death knight
  9631 | D:11     | Noticed an oklob plant
  9805 | D:12     | Noticed a boulder beetle
  9810 | D:12     | Killed a boulder beetle
  9972 | D:12     | Identified the ring "Atusm" {rF+ Slay+2}
 10225 | D:12     | Reached *** piety under Dithmenos
 10646 | D:13     | Noticed a centaur warrior
 11065 | D:4      | Killed Edmund
 11168 | Orc:1    | Entered Level 1 of the Orcish Mines
 11170 | Orc:1    | Noticed Urug
 11202 | Orc:1    | Noticed a boulder beetle
 11302 | D:9      | Killed a two-headed ogre
 11303 | D:9      | Reached skill level 1 in Invocations
 11363 | D:10     | Killed Urug
 11364 | D:10     | Reached skill level 5 in Transmutations
 11364 | D:10     | Reached skill level 5 in Earth Magic
 11478 | D:10     | Mangled by a boulder beetle

Illustrated notes

Levels and vault maps discovered:
D:1:      shiori_arrival_maze, layout_basic, minmay_misc_feat_secret_circle
D:2:      layout_basic, basic_altar, minmay_hexomino_r4, uniq_natasha,
          uniq_jessica
D:3:      layout_basic, minmay_misc_feat_nine_boxes
D:4:      layout_rooms, elyvilon_altar_4, minmay_misc_feat_square, uniq_edmund
D:5:      layout_loops_ring, nicolae_ossuary_entry_plus, lemuel_flamethrower_2
D:6:      layout_cave_pools, temple_hall, hangedman_abyss_or_decor_slice
D:7:      minmay_chambers_of_fours, layout_basic,
          mainiacjoe_overflow_large_starburst
D:8:      layout_basic, mainiacjoe_overflow_alcove_4, serial_shops,
          nicolae_shop_hallway_plus, gammafunk_ghost_abyssal_escape,
          serial_undead, serial_undead_f, serial_undead_c, serial_undead_d,
          serial_undead_e
D:9:      layout_gridville, serial_glass, glass_columns_a, glass_columns_b,
          special_room [special_room_bee], uniq_pikel
D:10:     layout_rooms, lemuel_coloured_pillars_altar, orc_0_dummy, uniq_erica,
          uniq_erolcha
D:11:     layout_small_grid, dpeg_oklobed_lair, minmay_radiant
D:12:     layout_loops_ring
D:13:     layout_gridville, kennysheep_potato
Temple:   minmay_crystal_spiral_temple
Orc:1:    layout_caves, serial_shops, shop, rock_pile, uniq_urug

Skill      XL: |  1  2  3  4  5  6  7  8  9 10 11 |
---------------+----------------------------------+-----
Short Blades   | 2 3 4 5 7 9 10 | 10.0
Stealth        | 1 2 3 4 5 6 8 10 | 10.0
Fighting       | 4 7 8 |  8.7
Evocations     | 4 |  4.1
Transmutations | 2 5 |  5.1
Earth Magic    | 2 5 |  5.0
Invocations    | 2 |  2.3
Throwing       | |  0.8
Armour         | |  0.8
Dodging        | |  1.7
Spellcasting   | |  2.0
Translocations | |  2.6

Action                     |  1- 3 |  4- 6 |  7- 9 | 10-12 || total
---------------------------+-------+-------+-------+-------++-------
  Melee: Short sword       |    23 |       |       |       ||    23
         Dagger            |    64 |   169 |   245 |   183 ||   661
         Punch             |       |     2 |     2 |     3 ||     7
         Touch             |       |       |    26 |    45 ||    71
  Throw: Boomerang         |       |       |       |     1 ||     1
   Cast: Blink             |       |       |       |     1 ||     1
  Evoke: Wand              |       |       |     1 |     4 ||     5
    Use: Scroll            |     1 |       |    11 |     1 ||    13
         Potion            |       |       |     1 |     1 ||     2
   Stab: Sleeping          |     1 |     2 |     8 |    10 ||    21
         Distracted        |       |       |       |     3 ||     3
 Armour: Leather armour    |    24 |    18 |    34 |     2 ||    78
         Robe              |       |       |       |    18 ||    18
  Dodge: Dodged            |    39 |    58 |    91 |    52 ||   240

Table legend: (Time is in decaauts)
 A = Elapsed time spent in this place.
 B = Non-inter-level travel time spent in this place.
 C = Inter-level travel time spent in this place.
 D = Time resting spent in this place.
 E = Time spent auto-exploring this place.
 F = Levels seen in this place.
 G = Mean time per level.
                   A        B        C        D        E       F      G
               +--------+--------+--------+--------+--------+-----+--------+
         Total |  11236 |  10379 |    857 |   1302 |   4982 |  16 |  702.2 |
       Dungeon |  10576 |   9720 |    856 |   1230 |   4815 |  13 |  813.5 |
        Temple |    218 |    218 |      0 |      0 |    112 |   1 |  218.0 |
  Orcish Mines |     46 |     46 |      0 |      0 |      1 |   1 |   46.0 |
       Ossuary |    394 |    394 |      0 |     72 |     54 |   1 |  394.0 |
               +--------+--------+--------+--------+--------+-----+--------+

Top non-repeatable levels by time:
     D:8: 1177 daAuts
     D:9: 1107 daAuts
    D:11: 1004 daAuts
     D:2: 981 daAuts
     D:5: 896 daAuts
     D:7: 840 daAuts
     D:6: 806 daAuts
    D:10: 800 daAuts
    D:12: 797 daAuts
     D:1: 782 daAuts
     D:3: 716 daAuts
     D:4: 608 daAuts
 Ossuary: 394 daAuts
  Temple: 218 daAuts
    D:13: 57 daAuts
